%YAML 1.1
%TAG !u! tag:unity3d.com,2011:
--- !u!1 &980958898638208737
GameObject:
  m_ObjectHideFlags: 0
  m_CorrespondingSourceObject: {fileID: 0}
  m_PrefabInstance: {fileID: 0}
  m_PrefabAsset: {fileID: 0}
  serializedVersion: 6
  m_Component:
  - component: {fileID: 4704938928095137054}
  m_Layer: 0
  m_Name: PowBTang_joint_tail3
  m_TagString: Untagged
  m_Icon: {fileID: 0}
  m_NavMeshLayer: 0
  m_StaticEditorFlags: 0
  m_IsActive: 1
--- !u!4 &4704938928095137054
Transform:
  m_ObjectHideFlags: 0
  m_CorrespondingSourceObject: {fileID: 0}
  m_PrefabInstance: {fileID: 0}
  m_PrefabAsset: {fileID: 0}
  m_GameObject: {fileID: 980958898638208737}
  serializedVersion: 2
  m_LocalRotation: {x: -0.0077020745, y: 0.008731397, z: 0.00006725443, w: 0.9999322}
  m_LocalPosition: {x: -0.29999998, y: 0, z: 0}
  m_LocalScale: {x: 1, y: 1, z: 1}
  m_ConstrainProportionsScale: 0
  m_Children:
  - {fileID: 8418151102924478506}
  m_Father: {fileID: 3550670243999079692}
  m_LocalEulerAnglesHint: {x: 0, y: 0, z: 0}
--- !u!1 &1324183803663531730
GameObject:
  m_ObjectHideFlags: 0
  m_CorrespondingSourceObject: {fileID: 0}
  m_PrefabInstance: {fileID: 0}
  m_PrefabAsset: {fileID: 0}
  serializedVersion: 6
  m_Component:
  - component: {fileID: 7492580209136341967}
  m_Layer: 0
  m_Name: btang_joint_fin_L_tip
  m_TagString: Untagged
  m_Icon: {fileID: 0}
  m_NavMeshLayer: 0
  m_StaticEditorFlags: 0
  m_IsActive: 1
--- !u!4 &7492580209136341967
Transform:
  m_ObjectHideFlags: 0
  m_CorrespondingSourceObject: {fileID: 0}
  m_PrefabInstance: {fileID: 0}
  m_PrefabAsset: {fileID: 0}
  m_GameObject: {fileID: 1324183803663531730}
  serializedVersion: 2
  m_LocalRotation: {x: 0, y: -0, z: -0, w: 1}
  m_LocalPosition: {x: -0.08006, y: -0.79416597, z: -0.34561297}
  m_LocalScale: {x: 1, y: 1, z: 1}
  m_ConstrainProportionsScale: 0
  m_Children: []
  m_Father: {fileID: 294490109145697621}
  m_LocalEulerAnglesHint: {x: 0, y: 0, z: 0}
--- !u!1 &2162621288062641655
GameObject:
  m_ObjectHideFlags: 0
  m_CorrespondingSourceObject: {fileID: 0}
  m_PrefabInstance: {fileID: 0}
  m_PrefabAsset: {fileID: 0}
  serializedVersion: 6
  m_Component:
  - component: {fileID: 713270777784232907}
  m_Layer: 0
  m_Name: PowBTang_joint_spine4
  m_TagString: Untagged
  m_Icon: {fileID: 0}
  m_NavMeshLayer: 0
  m_StaticEditorFlags: 0
  m_IsActive: 1
--- !u!4 &713270777784232907
Transform:
  m_ObjectHideFlags: 0
  m_CorrespondingSourceObject: {fileID: 0}
  m_PrefabInstance: {fileID: 0}
  m_PrefabAsset: {fileID: 0}
  m_GameObject: {fileID: 2162621288062641655}
  serializedVersion: 2
  m_LocalRotation: {x: 0.06274141, y: -0.057135724, z: 0.0035977769, w: 0.9963865}
  m_LocalPosition: {x: -0.59999996, y: 0, z: 0}
  m_LocalScale: {x: 1, y: 1, z: 1}
  m_ConstrainProportionsScale: 0
  m_Children:
  - {fileID: 5854652001696251814}
  m_Father: {fileID: 4721539340622017187}
  m_LocalEulerAnglesHint: {x: 0, y: 0, z: 0}
--- !u!1 &2232590097590195285
GameObject:
  m_ObjectHideFlags: 0
  m_CorrespondingSourceObject: {fileID: 0}
  m_PrefabInstance: {fileID: 0}
  m_PrefabAsset: {fileID: 0}
  serializedVersion: 6
  m_Component:
  - component: {fileID: 8418151102924478506}
  m_Layer: 0
  m_Name: PowBTang_joint_tail3_tip
  m_TagString: Untagged
  m_Icon: {fileID: 0}
  m_NavMeshLayer: 0
  m_StaticEditorFlags: 0
  m_IsActive: 1
--- !u!4 &8418151102924478506
Transform:
  m_ObjectHideFlags: 0
  m_CorrespondingSourceObject: {fileID: 0}
  m_PrefabInstance: {fileID: 0}
  m_PrefabAsset: {fileID: 0}
  m_GameObject: {fileID: 2232590097590195285}
  serializedVersion: 2
  m_LocalRotation: {x: 6.123234e-17, y: 1, z: -6.123234e-17, w: -6.123234e-17}
  m_LocalPosition: {x: -0.29999998, y: 0, z: 0}
  m_LocalScale: {x: 1, y: 1, z: 1}
  m_ConstrainProportionsScale: 0
  m_Children: []
  m_Father: {fileID: 4704938928095137054}
  m_LocalEulerAnglesHint: {x: 0, y: 0, z: 0}
--- !u!1 &2852821030365575642
GameObject:
  m_ObjectHideFlags: 0
  m_CorrespondingSourceObject: {fileID: 0}
  m_PrefabInstance: {fileID: 0}
  m_PrefabAsset: {fileID: 0}
  serializedVersion: 6
  m_Component:
  - component: {fileID: 8443022606618519500}
  m_Layer: 0
  m_Name: PowBTang_joint_pelvFinR_tip
  m_TagString: Untagged
  m_Icon: {fileID: 0}
  m_NavMeshLayer: 0
  m_StaticEditorFlags: 0
  m_IsActive: 1
--- !u!4 &8443022606618519500
Transform:
  m_ObjectHideFlags: 0
  m_CorrespondingSourceObject: {fileID: 0}
  m_PrefabInstance: {fileID: 0}
  m_PrefabAsset: {fileID: 0}
  m_GameObject: {fileID: 2852821030365575642}
  serializedVersion: 2
  m_LocalRotation: {x: 0, y: -0, z: -0, w: 1}
  m_LocalPosition: {x: -0.5976903, y: 0, z: 0}
  m_LocalScale: {x: 1, y: 1, z: 1}
  m_ConstrainProportionsScale: 0
  m_Children: []
  m_Father: {fileID: 7801486372615757645}
  m_LocalEulerAnglesHint: {x: 0, y: 0, z: 0}
--- !u!1 &2977230873121800802
GameObject:
  m_ObjectHideFlags: 0
  m_CorrespondingSourceObject: {fileID: 0}
  m_PrefabInstance: {fileID: 0}
  m_PrefabAsset: {fileID: 0}
  serializedVersion: 6
  m_Component:
  - component: {fileID: 5691064782906553535}
  m_Layer: 0
  m_Name: PowBTang_joint_fin_R
  m_TagString: Untagged
  m_Icon: {fileID: 0}
  m_NavMeshLayer: 0
  m_StaticEditorFlags: 0
  m_IsActive: 1
--- !u!4 &5691064782906553535
Transform:
  m_ObjectHideFlags: 0
  m_CorrespondingSourceObject: {fileID: 0}
  m_PrefabInstance: {fileID: 0}
  m_PrefabAsset: {fileID: 0}
  m_GameObject: {fileID: 2977230873121800802}
  serializedVersion: 2
  m_LocalRotation: {x: -0.37747085, y: 0.81022424, z: 0.10318884, w: -0.43635368}
  m_LocalPosition: {x: 0.32103178, y: -0.106460795, z: -0.32437968}
  m_LocalScale: {x: 1, y: 1, z: 1}
  m_ConstrainProportionsScale: 0
  m_Children:
  - {fileID: 4425190914001776686}
  m_Father: {fileID: 369112895070121427}
  m_LocalEulerAnglesHint: {x: 0, y: 0, z: 0}
--- !u!1 &3354735864783359444
GameObject:
  m_ObjectHideFlags: 0
  m_CorrespondingSourceObject: {fileID: 0}
  m_PrefabInstance: {fileID: 0}
  m_PrefabAsset: {fileID: 0}
  serializedVersion: 6
  m_Component:
  - component: {fileID: 3550670243999079692}
  m_Layer: 0
  m_Name: PowBTang_joint_tail2
  m_TagString: Untagged
  m_Icon: {fileID: 0}
  m_NavMeshLayer: 0
  m_StaticEditorFlags: 0
  m_IsActive: 1
--- !u!4 &3550670243999079692
Transform:
  m_ObjectHideFlags: 0
  m_CorrespondingSourceObject: {fileID: 0}
  m_PrefabInstance: {fileID: 0}
  m_PrefabAsset: {fileID: 0}
  m_GameObject: {fileID: 3354735864783359444}
  serializedVersion: 2
  m_LocalRotation: {x: 0.05620973, y: -0.17368698, z: 0.00993027, w: 0.98314536}
  m_LocalPosition: {x: -0.29999998, y: 0, z: 0}
  m_LocalScale: {x: 1, y: 1, z: 1}
  m_ConstrainProportionsScale: 0
  m_Children:
  - {fileID: 4704938928095137054}
  m_Father: {fileID: 7606279915711689360}
  m_LocalEulerAnglesHint: {x: 0, y: 0, z: 0}
--- !u!1 &3880221546238808034
GameObject:
  m_ObjectHideFlags: 0
  m_CorrespondingSourceObject: {fileID: 0}
  m_PrefabInstance: {fileID: 0}
  m_PrefabAsset: {fileID: 0}
  serializedVersion: 6
  m_Component:
  - component: {fileID: 4485207933072630955}
  - component: {fileID: 373646873931346946}
  m_Layer: 0
  m_Name: PowBTang_body
  m_TagString: Untagged
  m_Icon: {fileID: 0}
  m_NavMeshLayer: 0
  m_StaticEditorFlags: 0
  m_IsActive: 1
--- !u!4 &4485207933072630955
Transform:
  m_ObjectHideFlags: 0
  m_CorrespondingSourceObject: {fileID: 0}
  m_PrefabInstance: {fileID: 0}
  m_PrefabAsset: {fileID: 0}
  m_GameObject: {fileID: 3880221546238808034}
  serializedVersion: 2
  m_LocalRotation: {x: 0, y: -0, z: -0, w: 1}
  m_LocalPosition: {x: -0, y: 0, z: 0}
  m_LocalScale: {x: 1, y: 1, z: 1}
  m_ConstrainProportionsScale: 0
  m_Children: []
  m_Father: {fileID: 1468407567125485020}
  m_LocalEulerAnglesHint: {x: 0, y: 0, z: 0}
--- !u!137 &373646873931346946
SkinnedMeshRenderer:
  m_ObjectHideFlags: 0
  m_CorrespondingSourceObject: {fileID: 0}
  m_PrefabInstance: {fileID: 0}
  m_PrefabAsset: {fileID: 0}
  m_GameObject: {fileID: 3880221546238808034}
  m_Enabled: 1
  m_CastShadows: 1
  m_ReceiveShadows: 1
  m_DynamicOccludee: 1
  m_StaticShadowCaster: 0
  m_MotionVectors: 1
  m_LightProbeUsage: 1
  m_ReflectionProbeUsage: 1
  m_RayTracingMode: 3
  m_RayTraceProcedural: 0
  m_RenderingLayerMask: 1
  m_RendererPriority: 0
  m_Materials:
  - {fileID: 2100000, guid: 12f549e6c32d85045be25d28209b19c8, type: 2}
  m_StaticBatchInfo:
    firstSubMesh: 0
    subMeshCount: 0
  m_StaticBatchRoot: {fileID: 0}
  m_ProbeAnchor: {fileID: 0}
  m_LightProbeVolumeOverride: {fileID: 0}
  m_ScaleInLightmap: 1
  m_ReceiveGI: 1
  m_PreserveUVs: 0
  m_IgnoreNormalsForChartDetection: 0
  m_ImportantGI: 0
  m_StitchLightmapSeams: 1
  m_SelectedEditorRenderState: 3
  m_MinimumChartSize: 4
  m_AutoUVMaxDistance: 0.5
  m_AutoUVMaxAngle: 89
  m_LightmapParameters: {fileID: 0}
  m_SortingLayerID: 0
  m_SortingLayer: 0
  m_SortingOrder: 0
  serializedVersion: 2
  m_Quality: 0
  m_UpdateWhenOffscreen: 0
  m_SkinnedMotionVectors: 1
  m_Mesh: {fileID: 210907350039306504, guid: 79429f6efc120804ba4568a93897d403, type: 3}
  m_Bones:
  - {fileID: 369112895070121427}
  - {fileID: 5499005659245298242}
  - {fileID: 4721539340622017187}
  - {fileID: 713270777784232907}
  - {fileID: 5854652001696251814}
  - {fileID: 7606279915711689360}
  - {fileID: 3550670243999079692}
  - {fileID: 4704938928095137054}
  - {fileID: 4198140973789139039}
  - {fileID: 7801486372615757645}
  - {fileID: 3683798604093846017}
  m_BlendShapeWeights: []
  m_RootBone: {fileID: 369112895070121427}
  m_AABB:
    m_Center: {x: -1.3014709, y: -0.059071004, z: -0.38916945}
    m_Extent: {x: 2.8763046, y: 1.7564747, z: 1.1243508}
  m_DirtyAABB: 0
--- !u!1 &3984100478100046324
GameObject:
  m_ObjectHideFlags: 0
  m_CorrespondingSourceObject: {fileID: 0}
  m_PrefabInstance: {fileID: 0}
  m_PrefabAsset: {fileID: 0}
  serializedVersion: 6
  m_Component:
  - component: {fileID: 1468407567125485020}
  - component: {fileID: 7340660633543409434}
  m_Layer: 0
  m_Name: PowBTang
  m_TagString: Untagged
  m_Icon: {fileID: 0}
  m_NavMeshLayer: 0
  m_StaticEditorFlags: 0
  m_IsActive: 1
--- !u!4 &1468407567125485020
Transform:
  m_ObjectHideFlags: 0
  m_CorrespondingSourceObject: {fileID: 0}
  m_PrefabInstance: {fileID: 0}
  m_PrefabAsset: {fileID: 0}
  m_GameObject: {fileID: 3984100478100046324}
  serializedVersion: 2
  m_LocalRotation: {x: -0, y: 0.68229544, z: -0, w: 0.7310766}
  m_LocalPosition: {x: 5.6201086, y: -0.87, z: -0.17464733}
  m_LocalScale: {x: 4.297513, y: 4.297513, z: 4.297513}
  m_ConstrainProportionsScale: 0
  m_Children:
  - {fileID: 4485207933072630955}
  - {fileID: 1222388049556898188}
  - {fileID: 3088649022390556270}
  m_Father: {fileID: 972406807478895104}
  m_LocalEulerAnglesHint: {x: 0, y: 86.047, z: 0}
--- !u!95 &7340660633543409434
Animator:
  serializedVersion: 5
  m_ObjectHideFlags: 0
  m_CorrespondingSourceObject: {fileID: 0}
  m_PrefabInstance: {fileID: 0}
  m_PrefabAsset: {fileID: 0}
  m_GameObject: {fileID: 3984100478100046324}
  m_Enabled: 1
  m_Avatar: {fileID: 0}
  m_Controller: {fileID: 9100000, guid: 295b3306f09378845ba18d4754c3d324, type: 2}
  m_CullingMode: 0
  m_UpdateMode: 0
  m_ApplyRootMotion: 0
  m_LinearVelocityBlending: 0
  m_StabilizeFeet: 0
  m_WarningMessage: 
  m_HasTransformHierarchy: 1
  m_AllowConstantClipSamplingOptimization: 1
  m_KeepAnimatorStateOnDisable: 0
  m_WriteDefaultValuesOnDisable: 0
--- !u!1 &4921922835128278617
GameObject:
  m_ObjectHideFlags: 0
  m_CorrespondingSourceObject: {fileID: 0}
  m_PrefabInstance: {fileID: 0}
  m_PrefabAsset: {fileID: 0}
  serializedVersion: 6
  m_Component:
  - component: {fileID: 3088649022390556270}
  m_Layer: 0
  m_Name: PowBTang_root
  m_TagString: Untagged
  m_Icon: {fileID: 0}
  m_NavMeshLayer: 0
  m_StaticEditorFlags: 0
  m_IsActive: 1
--- !u!4 &3088649022390556270
Transform:
  m_ObjectHideFlags: 0
  m_CorrespondingSourceObject: {fileID: 0}
  m_PrefabInstance: {fileID: 0}
  m_PrefabAsset: {fileID: 0}
  m_GameObject: {fileID: 4921922835128278617}
  serializedVersion: 2
  m_LocalRotation: {x: 0, y: -0, z: -0, w: 1}
  m_LocalPosition: {x: -0, y: 0, z: 0}
  m_LocalScale: {x: 0.7, y: 0.7, z: 0.7}
  m_ConstrainProportionsScale: 0
  m_Children:
  - {fileID: 369112895070121427}
  m_Father: {fileID: 1468407567125485020}
  m_LocalEulerAnglesHint: {x: 0, y: 0, z: 0}
--- !u!1 &5143004476091098855
GameObject:
  m_ObjectHideFlags: 0
  m_CorrespondingSourceObject: {fileID: 0}
  m_PrefabInstance: {fileID: 0}
  m_PrefabAsset: {fileID: 0}
  serializedVersion: 6
  m_Component:
  - component: {fileID: 294490109145697621}
  m_Layer: 0
  m_Name: PowBTang_joint__fin_L
  m_TagString: Untagged
  m_Icon: {fileID: 0}
  m_NavMeshLayer: 0
  m_StaticEditorFlags: 0
  m_IsActive: 1
--- !u!4 &294490109145697621
Transform:
  m_ObjectHideFlags: 0
  m_CorrespondingSourceObject: {fileID: 0}
  m_PrefabInstance: {fileID: 0}
  m_PrefabAsset: {fileID: 0}
  m_GameObject: {fileID: 5143004476091098855}
  serializedVersion: 2
  m_LocalRotation: {x: 0.848467, y: 0.36074993, z: 0.3757734, w: 0.093582146}
  m_LocalPosition: {x: 0.3366272, y: -0.13326009, z: 0.3016128}
  m_LocalScale: {x: 1, y: 1, z: 1}
  m_ConstrainProportionsScale: 0
  m_Children:
  - {fileID: 7492580209136341967}
  m_Father: {fileID: 369112895070121427}
  m_LocalEulerAnglesHint: {x: 0, y: 0, z: 0}
--- !u!1 &5593041802706795003
GameObject:
  m_ObjectHideFlags: 0
  m_CorrespondingSourceObject: {fileID: 0}
  m_PrefabInstance: {fileID: 0}
  m_PrefabAsset: {fileID: 0}
  serializedVersion: 6
  m_Component:
  - component: {fileID: 5854652001696251814}
  m_Layer: 0
  m_Name: PowBTang_joint_spine5
  m_TagString: Untagged
  m_Icon: {fileID: 0}
  m_NavMeshLayer: 0
  m_StaticEditorFlags: 0
  m_IsActive: 1
--- !u!4 &5854652001696251814
Transform:
  m_ObjectHideFlags: 0
  m_CorrespondingSourceObject: {fileID: 0}
  m_PrefabInstance: {fileID: 0}
  m_PrefabAsset: {fileID: 0}
  m_GameObject: {fileID: 5593041802706795003}
  serializedVersion: 2
  m_LocalRotation: {x: 0.028692367, y: -0.077997215, z: 0.002245699, w: 0.9965381}
  m_LocalPosition: {x: -0.59999996, y: 0, z: 0}
  m_LocalScale: {x: 1, y: 1, z: 1}
  m_ConstrainProportionsScale: 0
  m_Children:
  - {fileID: 7606279915711689360}
  m_Father: {fileID: 713270777784232907}
  m_LocalEulerAnglesHint: {x: 0, y: 0, z: 0}
--- !u!1 &5597898540684239590
GameObject:
  m_ObjectHideFlags: 0
  m_CorrespondingSourceObject: {fileID: 0}
  m_PrefabInstance: {fileID: 0}
  m_PrefabAsset: {fileID: 0}
  serializedVersion: 6
  m_Component:
  - component: {fileID: 7801486372615757645}
  m_Layer: 0
  m_Name: PowBTang_joint_pelvFinR
  m_TagString: Untagged
  m_Icon: {fileID: 0}
  m_NavMeshLayer: 0
  m_StaticEditorFlags: 0
  m_IsActive: 1
--- !u!4 &7801486372615757645
Transform:
  m_ObjectHideFlags: 0
  m_CorrespondingSourceObject: {fileID: 0}
  m_PrefabInstance: {fileID: 0}
  m_PrefabAsset: {fileID: 0}
  m_GameObject: {fileID: 5597898540684239590}
  serializedVersion: 2
  m_LocalRotation: {x: 0.023751888, y: -0.044082303, z: 0.34939572, w: 0.9356363}
  m_LocalPosition: {x: 0.14296499, y: -1.065746, z: -0.030298028}
  m_LocalScale: {x: 1, y: 1, z: 1}
  m_ConstrainProportionsScale: 0
  m_Children:
  - {fileID: 8443022606618519500}
  m_Father: {fileID: 369112895070121427}
  m_LocalEulerAnglesHint: {x: 0, y: 0, z: 0}
--- !u!1 &5966524835292565882
GameObject:
  m_ObjectHideFlags: 0
  m_CorrespondingSourceObject: {fileID: 0}
  m_PrefabInstance: {fileID: 0}
  m_PrefabAsset: {fileID: 0}
  serializedVersion: 6
  m_Component:
  - component: {fileID: 7606279915711689360}
  m_Layer: 0
  m_Name: PowBTang_joint_tail1
  m_TagString: Untagged
  m_Icon: {fileID: 0}
  m_NavMeshLayer: 0
  m_StaticEditorFlags: 0
  m_IsActive: 1
--- !u!4 &7606279915711689360
Transform:
  m_ObjectHideFlags: 0
  m_CorrespondingSourceObject: {fileID: 0}
  m_PrefabInstance: {fileID: 0}
  m_PrefabAsset: {fileID: 0}
  m_GameObject: {fileID: 5966524835292565882}
  serializedVersion: 2
  m_LocalRotation: {x: 0.08171996, y: -0.07776695, z: 0.006396072, w: 0.99359614}
  m_LocalPosition: {x: -0.49999997, y: 0, z: 0}
  m_LocalScale: {x: 1, y: 1, z: 1}
  m_ConstrainProportionsScale: 0
  m_Children:
  - {fileID: 3550670243999079692}
  m_Father: {fileID: 5854652001696251814}
  m_LocalEulerAnglesHint: {x: 0, y: 0, z: 0}
--- !u!1 &5979856695108529515
GameObject:
  m_ObjectHideFlags: 0
  m_CorrespondingSourceObject: {fileID: 0}
  m_PrefabInstance: {fileID: 0}
  m_PrefabAsset: {fileID: 0}
  serializedVersion: 6
  m_Component:
  - component: {fileID: 369112895070121427}
  m_Layer: 0
  m_Name: PowBTang_joint_spine1
  m_TagString: Untagged
  m_Icon: {fileID: 0}
  m_NavMeshLayer: 0
  m_StaticEditorFlags: 0
  m_IsActive: 1
--- !u!4 &369112895070121427
Transform:
  m_ObjectHideFlags: 0
  m_CorrespondingSourceObject: {fileID: 0}
  m_PrefabInstance: {fileID: 0}
  m_PrefabAsset: {fileID: 0}
  m_GameObject: {fileID: 5979856695108529515}
  serializedVersion: 2
  m_LocalRotation: {x: 5.87223e-17, y: 0.9991923, z: -5.87223e-17, w: -0.0401844}
  m_LocalPosition: {x: -0, y: 0.2250481, z: -1.624633}
  m_LocalScale: {x: 1, y: 1, z: 1}
  m_ConstrainProportionsScale: 0
  m_Children:
  - {fileID: 294490109145697621}
  - {fileID: 5691064782906553535}
  - {fileID: 4198140973789139039}
  - {fileID: 3683798604093846017}
  - {fileID: 7801486372615757645}
  - {fileID: 5499005659245298242}
  m_Father: {fileID: 3088649022390556270}
  m_LocalEulerAnglesHint: {x: 0, y: 0, z: 0}
--- !u!1 &6008475826739095304
GameObject:
  m_ObjectHideFlags: 0
  m_CorrespondingSourceObject: {fileID: 0}
  m_PrefabInstance: {fileID: 0}
  m_PrefabAsset: {fileID: 0}
  serializedVersion: 6
  m_Component:
  - component: {fileID: 3636431550874528003}
  m_Layer: 0
  m_Name: PowBTang_joint_head_tip
  m_TagString: Untagged
  m_Icon: {fileID: 0}
  m_NavMeshLayer: 0
  m_StaticEditorFlags: 0
  m_IsActive: 1
--- !u!4 &3636431550874528003
Transform:
  m_ObjectHideFlags: 0
  m_CorrespondingSourceObject: {fileID: 0}
  m_PrefabInstance: {fileID: 0}
  m_PrefabAsset: {fileID: 0}
  m_GameObject: {fileID: 6008475826739095304}
  serializedVersion: 2
  m_LocalRotation: {x: 0, y: -0, z: -0, w: 1}
  m_LocalPosition: {x: -1.0999999, y: 0, z: 0}
  m_LocalScale: {x: 1, y: 1, z: 1}
  m_ConstrainProportionsScale: 0
  m_Children: []
  m_Father: {fileID: 4198140973789139039}
  m_LocalEulerAnglesHint: {x: 0, y: 0, z: 0}
--- !u!1 &6296993274649014662
GameObject:
  m_ObjectHideFlags: 0
  m_CorrespondingSourceObject: {fileID: 0}
  m_PrefabInstance: {fileID: 0}
  m_PrefabAsset: {fileID: 0}
  serializedVersion: 6
  m_Component:
  - component: {fileID: 3683798604093846017}
  m_Layer: 0
  m_Name: PowBTang_joint_pelvFinL
  m_TagString: Untagged
  m_Icon: {fileID: 0}
  m_NavMeshLayer: 0
  m_StaticEditorFlags: 0
  m_IsActive: 1
--- !u!4 &3683798604093846017
Transform:
  m_ObjectHideFlags: 0
  m_CorrespondingSourceObject: {fileID: 0}
  m_PrefabInstance: {fileID: 0}
  m_PrefabAsset: {fileID: 0}
  m_GameObject: {fileID: 6296993274649014662}
  serializedVersion: 2
  m_LocalRotation: {x: 0.13216595, y: 0.042165395, z: 0.9273333, w: -0.34757346}
  m_LocalPosition: {x: 0.14336939, y: -1.0495859, z: 0.028509978}
  m_LocalScale: {x: 1, y: 1, z: 1}
  m_ConstrainProportionsScale: 0
  m_Children:
  - {fileID: 8860856367269115727}
  m_Father: {fileID: 369112895070121427}
  m_LocalEulerAnglesHint: {x: 0, y: 0, z: 0}
--- !u!1 &6442542086200048910
GameObject:
  m_ObjectHideFlags: 0
  m_CorrespondingSourceObject: {fileID: 0}
  m_PrefabInstance: {fileID: 0}
  m_PrefabAsset: {fileID: 0}
  serializedVersion: 6
  m_Component:
  - component: {fileID: 8860856367269115727}
  m_Layer: 0
  m_Name: PowBTang_joint_pelvFinL_tip
  m_TagString: Untagged
  m_Icon: {fileID: 0}
  m_NavMeshLayer: 0
  m_StaticEditorFlags: 0
  m_IsActive: 1
--- !u!4 &8860856367269115727
Transform:
  m_ObjectHideFlags: 0
  m_CorrespondingSourceObject: {fileID: 0}
  m_PrefabInstance: {fileID: 0}
  m_PrefabAsset: {fileID: 0}
  m_GameObject: {fileID: 6442542086200048910}
  serializedVersion: 2
  m_LocalRotation: {x: 0, y: -0, z: -0, w: 1}
  m_LocalPosition: {x: 0.5948027, y: -0.000006986077, z: 0.00000094247275}
  m_LocalScale: {x: 1, y: 1, z: 1}
  m_ConstrainProportionsScale: 0
  m_Children: []
  m_Father: {fileID: 3683798604093846017}
  m_LocalEulerAnglesHint: {x: 0, y: 0, z: 0}
--- !u!1 &6515944260355932853
GameObject:
  m_ObjectHideFlags: 0
  m_CorrespondingSourceObject: {fileID: 0}
  m_PrefabInstance: {fileID: 0}
  m_PrefabAsset: {fileID: 0}
  serializedVersion: 6
  m_Component:
  - component: {fileID: 4425190914001776686}
  m_Layer: 0
  m_Name: PowBTang_joint_fin_R_tip
  m_TagString: Untagged
  m_Icon: {fileID: 0}
  m_NavMeshLayer: 0
  m_StaticEditorFlags: 0
  m_IsActive: 1
--- !u!4 &4425190914001776686
Transform:
  m_ObjectHideFlags: 0
  m_CorrespondingSourceObject: {fileID: 0}
  m_PrefabInstance: {fileID: 0}
  m_PrefabAsset: {fileID: 0}
  m_GameObject: {fileID: 6515944260355932853}
  serializedVersion: 2
  m_LocalRotation: {x: 0, y: -0, z: -0, w: 1}
  m_LocalPosition: {x: 0.0800602, y: 0.7941655, z: 0.3456134}
  m_LocalScale: {x: 1, y: 1, z: 1}
  m_ConstrainProportionsScale: 0
  m_Children: []
  m_Father: {fileID: 5691064782906553535}
  m_LocalEulerAnglesHint: {x: 0, y: 0, z: 0}
--- !u!1 &6974111601347350075
GameObject:
  m_ObjectHideFlags: 0
  m_CorrespondingSourceObject: {fileID: 0}
  m_PrefabInstance: {fileID: 0}
  m_PrefabAsset: {fileID: 0}
  serializedVersion: 6
  m_Component:
  - component: {fileID: 4721539340622017187}
  m_Layer: 0
  m_Name: PowBTang_joint_spine3
  m_TagString: Untagged
  m_Icon: {fileID: 0}
  m_NavMeshLayer: 0
  m_StaticEditorFlags: 0
  m_IsActive: 1
--- !u!4 &4721539340622017187
Transform:
  m_ObjectHideFlags: 0
  m_CorrespondingSourceObject: {fileID: 0}
  m_PrefabInstance: {fileID: 0}
  m_PrefabAsset: {fileID: 0}
  m_GameObject: {fileID: 6974111601347350075}
  serializedVersion: 2
  m_LocalRotation: {x: 0.013429764, y: -0.017625328, z: 0.00023676213, w: 0.9997544}
  m_LocalPosition: {x: -0.59999996, y: 0, z: 0}
  m_LocalScale: {x: 1, y: 1, z: 1}
  m_ConstrainProportionsScale: 0
  m_Children:
  - {fileID: 713270777784232907}
  m_Father: {fileID: 5499005659245298242}
  m_LocalEulerAnglesHint: {x: 0, y: 0, z: 0}
--- !u!1 &7147188114137150154
GameObject:
  m_ObjectHideFlags: 0
  m_CorrespondingSourceObject: {fileID: 0}
  m_PrefabInstance: {fileID: 0}
  m_PrefabAsset: {fileID: 0}
  serializedVersion: 6
  m_Component:
  - component: {fileID: 1222388049556898188}
  - component: {fileID: 4898722247151580410}
  m_Layer: 0
  m_Name: PowBTang_fins
  m_TagString: Untagged
  m_Icon: {fileID: 0}
  m_NavMeshLayer: 0
  m_StaticEditorFlags: 0
  m_IsActive: 1
--- !u!4 &1222388049556898188
Transform:
  m_ObjectHideFlags: 0
  m_CorrespondingSourceObject: {fileID: 0}
  m_PrefabInstance: {fileID: 0}
  m_PrefabAsset: {fileID: 0}
  m_GameObject: {fileID: 7147188114137150154}
  serializedVersion: 2
  m_LocalRotation: {x: 0, y: -0, z: -0, w: 1}
  m_LocalPosition: {x: -0, y: 0, z: 0}
  m_LocalScale: {x: 1, y: 1, z: 1}
  m_ConstrainProportionsScale: 0
  m_Children: []
  m_Father: {fileID: 1468407567125485020}
  m_LocalEulerAnglesHint: {x: 0, y: 0, z: 0}
--- !u!137 &4898722247151580410
SkinnedMeshRenderer:
  m_ObjectHideFlags: 0
  m_CorrespondingSourceObject: {fileID: 0}
  m_PrefabInstance: {fileID: 0}
  m_PrefabAsset: {fileID: 0}
  m_GameObject: {fileID: 7147188114137150154}
  m_Enabled: 1
  m_CastShadows: 1
  m_ReceiveShadows: 1
  m_DynamicOccludee: 1
  m_StaticShadowCaster: 0
  m_MotionVectors: 1
  m_LightProbeUsage: 1
  m_ReflectionProbeUsage: 1
  m_RayTracingMode: 3
  m_RayTraceProcedural: 0
  m_RenderingLayerMask: 1
  m_RendererPriority: 0
  m_Materials:
  - {fileID: 2100000, guid: e12d4bd057aef25468f3f20b9a803d15, type: 2}
  m_StaticBatchInfo:
    firstSubMesh: 0
    subMeshCount: 0
  m_StaticBatchRoot: {fileID: 0}
  m_ProbeAnchor: {fileID: 0}
  m_LightProbeVolumeOverride: {fileID: 0}
  m_ScaleInLightmap: 1
  m_ReceiveGI: 1
  m_PreserveUVs: 0
  m_IgnoreNormalsForChartDetection: 0
  m_ImportantGI: 0
  m_StitchLightmapSeams: 1
  m_SelectedEditorRenderState: 3
  m_MinimumChartSize: 4
  m_AutoUVMaxDistance: 0.5
  m_AutoUVMaxAngle: 89
  m_LightmapParameters: {fileID: 0}
  m_SortingLayerID: 0
  m_SortingLayer: 0
  m_SortingOrder: 0
  serializedVersion: 2
  m_Quality: 0
  m_UpdateWhenOffscreen: 0
  m_SkinnedMotionVectors: 1
  m_Mesh: {fileID: 7336723710326916777, guid: 79429f6efc120804ba4568a93897d403, type: 3}
  m_Bones:
  - {fileID: 369112895070121427}
  - {fileID: 5691064782906553535}
  - {fileID: 294490109145697621}
  m_BlendShapeWeights: []
  m_RootBone: {fileID: 369112895070121427}
  m_AABB:
    m_Center: {x: -0.2978412, y: 0.015646935, z: 0.028211474}
    m_Extent: {x: 0.70897543, y: 0.58491814, z: 1.0293764}
  m_DirtyAABB: 0
--- !u!1 &8955278553878898738
GameObject:
  m_ObjectHideFlags: 0
  m_CorrespondingSourceObject: {fileID: 0}
  m_PrefabInstance: {fileID: 0}
  m_PrefabAsset: {fileID: 0}
  serializedVersion: 6
  m_Component:
  - component: {fileID: 4198140973789139039}
  m_Layer: 0
  m_Name: PowBTang_joint_head
  m_TagString: Untagged
  m_Icon: {fileID: 0}
  m_NavMeshLayer: 0
  m_StaticEditorFlags: 0
  m_IsActive: 1
--- !u!4 &4198140973789139039
Transform:
  m_ObjectHideFlags: 0
  m_CorrespondingSourceObject: {fileID: 0}
  m_PrefabInstance: {fileID: 0}
  m_PrefabAsset: {fileID: 0}
  m_GameObject: {fileID: 8955278553878898738}
  serializedVersion: 2
  m_LocalRotation: {x: 6.1002155e-17, y: 0.99999297, z: -6.1002155e-17, w: -0.003752119}
  m_LocalPosition: {x: 0.099999994, y: 0, z: 0}
  m_LocalScale: {x: 1, y: 1, z: 1}
  m_ConstrainProportionsScale: 0
  m_Children:
  - {fileID: 3636431550874528003}
  m_Father: {fileID: 369112895070121427}
  m_LocalEulerAnglesHint: {x: 0, y: 0, z: 0}
--- !u!1 &9192059817847508338
GameObject:
  m_ObjectHideFlags: 0
  m_CorrespondingSourceObject: {fileID: 0}
  m_PrefabInstance: {fileID: 0}
  m_PrefabAsset: {fileID: 0}
  serializedVersion: 6
  m_Component:
  - component: {fileID: 5499005659245298242}
  m_Layer: 0
  m_Name: PowBTang_joint_spine2
  m_TagString: Untagged
  m_Icon: {fileID: 0}
  m_NavMeshLayer: 0
  m_StaticEditorFlags: 0
  m_IsActive: 1
--- !u!4 &5499005659245298242
Transform:
  m_ObjectHideFlags: 0
  m_CorrespondingSourceObject: {fileID: 0}
  m_PrefabInstance: {fileID: 0}
  m_PrefabAsset: {fileID: 0}
  m_GameObject: {fileID: 9192059817847508338}
  serializedVersion: 2
  m_LocalRotation: {x: -0.0003488848, y: -0.0027925605, z: -0.0000009742857, w: 0.99999607}
  m_LocalPosition: {x: -0.59999996, y: 0, z: 0}
  m_LocalScale: {x: 1, y: 1, z: 1}
  m_ConstrainProportionsScale: 0
  m_Children:
  - {fileID: 4721539340622017187}
  m_Father: {fileID: 369112895070121427}
  m_LocalEulerAnglesHint: {x: 0, y: 0, z: 0}
--- !u!1001 &7736507631004770353
PrefabInstance:
  m_ObjectHideFlags: 0
  serializedVersion: 2
  m_Modification:
    serializedVersion: 3
    m_TransformParent: {fileID: 0}
    m_Modifications:
    - target: {fileID: 1007697558418042952, guid: 1d123e31fbace1c4f8899e04d171053d, type: 3}
      propertyPath: m_Size.x
      value: 2.6489146
      objectReference: {fileID: 0}
    - target: {fileID: 1007697558418042952, guid: 1d123e31fbace1c4f8899e04d171053d, type: 3}
      propertyPath: m_Size.y
      value: 8.734993
      objectReference: {fileID: 0}
    - target: {fileID: 1007697558418042952, guid: 1d123e31fbace1c4f8899e04d171053d, type: 3}
      propertyPath: m_Size.z
      value: 17.035646
      objectReference: {fileID: 0}
    - target: {fileID: 1007697558418042952, guid: 1d123e31fbace1c4f8899e04d171053d, type: 3}
      propertyPath: m_Center.x
      value: 0.87560165
      objectReference: {fileID: 0}
    - target: {fileID: 1007697558418042952, guid: 1d123e31fbace1c4f8899e04d171053d, type: 3}
      propertyPath: m_Center.y
      value: 0.028486252
      objectReference: {fileID: 0}
    - target: {fileID: 1007697558418042952, guid: 1d123e31fbace1c4f8899e04d171053d, type: 3}
      propertyPath: m_Center.z
      value: -4.1093245
      objectReference: {fileID: 0}
    - target: {fileID: 5729466254066270218, guid: 1d123e31fbace1c4f8899e04d171053d, type: 3}
      propertyPath: m_LocalPosition.x
      value: 1.18
      objectReference: {fileID: 0}
    - target: {fileID: 5729466254066270218, guid: 1d123e31fbace1c4f8899e04d171053d, type: 3}
      propertyPath: m_LocalPosition.y
      value: -0.33
      objectReference: {fileID: 0}
    - target: {fileID: 5729466254066270218, guid: 1d123e31fbace1c4f8899e04d171053d, type: 3}
      propertyPath: m_LocalPosition.z
      value: 4.37
      objectReference: {fileID: 0}
    - target: {fileID: 7359786026640925233, guid: 1d123e31fbace1c4f8899e04d171053d, type: 3}
      propertyPath: m_LocalPosition.x
      value: 0
      objectReference: {fileID: 0}
    - target: {fileID: 7359786026640925233, guid: 1d123e31fbace1c4f8899e04d171053d, type: 3}
      propertyPath: m_LocalPosition.y
      value: 0
      objectReference: {fileID: 0}
    - target: {fileID: 7359786026640925233, guid: 1d123e31fbace1c4f8899e04d171053d, type: 3}
      propertyPath: m_LocalPosition.z
      value: 0
      objectReference: {fileID: 0}
    - target: {fileID: 7359786026640925233, guid: 1d123e31fbace1c4f8899e04d171053d, type: 3}
      propertyPath: m_LocalRotation.w
      value: 1
      objectReference: {fileID: 0}
    - target: {fileID: 7359786026640925233, guid: 1d123e31fbace1c4f8899e04d171053d, type: 3}
      propertyPath: m_LocalRotation.x
      value: 0
      objectReference: {fileID: 0}
    - target: {fileID: 7359786026640925233, guid: 1d123e31fbace1c4f8899e04d171053d, type: 3}
      propertyPath: m_LocalRotation.y
      value: 0
      objectReference: {fileID: 0}
    - target: {fileID: 7359786026640925233, guid: 1d123e31fbace1c4f8899e04d171053d, type: 3}
      propertyPath: m_LocalRotation.z
      value: 0
      objectReference: {fileID: 0}
    - target: {fileID: 7359786026640925233, guid: 1d123e31fbace1c4f8899e04d171053d, type: 3}
      propertyPath: m_LocalEulerAnglesHint.x
      value: 0
      objectReference: {fileID: 0}
    - target: {fileID: 7359786026640925233, guid: 1d123e31fbace1c4f8899e04d171053d, type: 3}
      propertyPath: m_LocalEulerAnglesHint.y
      value: 0
      objectReference: {fileID: 0}
    - target: {fileID: 7359786026640925233, guid: 1d123e31fbace1c4f8899e04d171053d, type: 3}
      propertyPath: m_LocalEulerAnglesHint.z
      value: 0
      objectReference: {fileID: 0}
    - target: {fileID: 7883804899318741131, guid: 1d123e31fbace1c4f8899e04d171053d, type: 3}
      propertyPath: m_Name
      value: Fish - Angelfish Variant
      objectReference: {fileID: 0}
    m_RemovedComponents: []
    m_RemovedGameObjects:
    - {fileID: 6240652154994055266, guid: 1d123e31fbace1c4f8899e04d171053d, type: 3}
    m_AddedGameObjects:
    - targetCorrespondingSourceObject: {fileID: 7359786026640925233, guid: 1d123e31fbace1c4f8899e04d171053d, type: 3}
      insertIndex: -1
      addedObject: {fileID: 1468407567125485020}
    m_AddedComponents: []
  m_SourcePrefab: {fileID: 100100000, guid: 1d123e31fbace1c4f8899e04d171053d, type: 3}
--- !u!4 &972406807478895104 stripped
Transform:
  m_CorrespondingSourceObject: {fileID: 7359786026640925233, guid: 1d123e31fbace1c4f8899e04d171053d, type: 3}
  m_PrefabInstance: {fileID: 7736507631004770353}
  m_PrefabAsset: {fileID: 0}
